 Dungeon Crawl Stone Soup version 0.23.1 (webtiles) character file.

Game seed: 13804621038538345286

105624 kae the Executioner (level 16, -9/149 HPs)
             Began as a Hill Orc Fighter on Mar 16, 2019.
             Was the Champion of Qazlal.
             Mangled by an emperor scorpion (17 damage)
             ... on level 1 of the Spider Nest on Mar 17, 2019.
             The game lasted 00:36:14 (29485 turns).

kae the Executioner (Hill Orc Fighter)             Turns: 29485, Time: 00:36:15

Health: -9/149     AC: 28    Str: 29    XL:     16   Next: 41%
Magic:  0/24       EV: 10    Int:  6    God:    Qazlal [******]
Gold:   1405       SH:  8    Dex: 10    Spells: 15/15 levels left

rFire    . . .     SeeInvis +   N - +8 executioner's axe (flame)
rCold    . . .     Gourm    .   (shield currently unavailable)
rNeg     + . .     Faith    .   a - +9 scale mail of the Rabble {rN+ MP-9 Stlth+}
rPois    .         Spirit   +   y - +1 hat {SInv}
rElec    .         Reflect  .   c - +0 cloak
rCorr    .         Harm     .   u - +1 pair of gloves
MR       +....                  r - +0 pair of boots
Stlth    +.........             v - amulet of guardian spirit
HPRegen  0.34/turn              g - ring of magical power
MPRegen  0.19/turn              D - +3 ring of strength

@: lethally poisoned (-9 -> -41), protected from physical damage, repel missiles
A: dopey 1
a: Upheaval, Elemental Force, Disaster Area, Renounce Religion


You were on level 1 of the Spider Nest.
You worshipped Qazlal.
Qazlal was exalted by your worship.
You were very hungry.

You visited 4 branches of the dungeon, and saw 24 of its levels.

You collected 2823 gold pieces.
You spent 1418 gold pieces at shops.

Inventory:

Hand Weapons
 L - the +5 war axe "Qamo" {flame, *Contam rF- rC+ Int+8}
   (You found it on level 4 of the Lair of Beasts)

   It has been specially enchanted to burn those struck by it, causing extra
   injury to most foes and up to half again as much damage against particularly
   susceptible opponents.
   Big, fiery blades are also staple armaments of hydra-hunters.
   It affects your intelligence (+8).
   It makes you vulnerable to fire.
   It protects you from cold.
   It causes magical contamination when unequipped.
 N - a +8 executioner's axe of flaming (weapon)
Armour
 a - the +9 scale mail of the Rabble (worn) {rN+ MP-9 Stlth+}
   (You found it on level 12 of the Dungeon)

   It protects you from negative energy.
   It affects your magic capacity (-9).
   It makes you more stealthy.
 c - a +0 cloak (worn)
 r - a +0 pair of boots (worn)
 u - a +1 pair of gloves (worn)
 y - a +1 hat of see invisible (worn)
 Q - a +1 plate armour of cold resistance
Jewellery
 d - a +1 ring of protection
 g - a ring of magical power (left hand)
 n - an uncursed ring of ice
 q - an uncursed ring of ice
 v - an amulet of guardian spirit (around neck)
 D - a +3 ring of strength (right hand)
 H - an uncursed ring of protection from fire
Wands
 b - a wand of polymorph (11)
 e - a wand of flame (33)
 i - a wand of paralysis (4)
 s - a wand of random effects (14)
 x - a wand of disintegration (7)
 z - a wand of acid (15)
 F - a wand of enslavement (14)
 M - a wand of iceblast (13)
Scrolls
 l - 7 scrolls of remove curse
 o - 2 scrolls of brand weapon
 p - 6 scrolls of identify
 w - a scroll of holy word
 B - 2 scrolls of fog
 O - 4 scrolls of enchant armour
 P - 2 scrolls of amnesia
 R - 2 scrolls of silence
 S - 5 scrolls of teleportation
 T - a scroll of fear
 U - a scroll of blinking
Potions
 h - 4 potions of flight
 j - a potion of lignification
 k - 3 potions of haste
 m - 3 potions of brilliance
 t - a potion of cancellation
 A - a potion of berserk rage
 C - 2 potions of curing
 E - 3 potions of invisibility
 G - 2 potions of magic
 I - 2 potions of mutation
 J - 3 potions of might
 K - 2 potions of heal wounds
Comestibles
 f - 51 rations


   Skills:
 + Level 15.2 Fighting
 * Level 21.4 Axes
 + Level 14.1 Armour
   Level 3.2 Shields
 + Level 11.6 Invocations
 - Level 10.5 Evocations


You had 15 spell levels left.
You didn't know any spells.
Your spell library contained the following spells:

 Spells                   Type           Power        Failure   Level  Hunger
 Animate Skeleton         Necr           N/A          65%         1    ##.....
 Beastly Appendage        Tmut           #.....       65%         1    ##.....
 Confusing Touch          Hex            #.....       65%         1    ##.....
 Corona                   Hex            #......      65%         1    ##.....
 Freeze                   Ice            #...         65%         1    ##.....
 Infusion                 Chrm           #...         65%         1    ##.....
 Magic Dart               Conj           #...         65%         1    ##.....
 Pain                     Necr           #...         65%         1    ##.....
 Shock                    Conj/Air       #...         65%         1    ##.....
 Sting                    Conj/Pois      #...         65%         1    ##.....
 Summon Small Mammal      Summ           #...         65%         1    ##.....
 Blink                    Tloc           N/A          78%         2    ###....
 Call Imp                 Summ           #.......     78%         2    ###....
 Poisonous Vapours        Pois/Air       #.....       78%         2    ###....
 Searing Ray              Conj           #.....       78%         2    ###....
 Shroud of Golubria       Chrm/Tloc      #.........   78%         2    ###....
 Slow                     Hex            #.......     78%         2    ###....
 Song of Slaying          Chrm           #.......     78%         2    ###....
 Sticks to Snakes         Tmut           #.......     78%         2    ###....
 Swiftness                Chrm/Air       #.......     78%         2    ###....
 Throw Frost              Conj/Ice       #.....       78%         2    ###....
 Call Canine Familiar     Summ           #.......     95%         3    ####...
 Confuse                  Hex            #.......     95%         3    ####...
 Conjure Flame            Conj/Fire      #.......     95%         3    ####...
 Dazzling Spray           Conj/Hex       #.....       95%         3    ####...
 Gell's Gravitas          Tloc           #.........   95%         3    ####...
 Inner Flame              Hex/Fire       #.......     95%         3    ####...
 Mephitic Cloud           Conj/Pois/Air  #.......     95%         3    ####...
 Ozocubu's Armour         Chrm/Ice       #.......     95%         3    ####...
 Portal Projectile        Hex/Tloc       #.....       95%         3    ####...
 Recall                   Summ/Tloc      N/A          95%         3    ####...
 Regeneration             Chrm/Necr      #.........   95%         3    ####...
 Spectral Weapon          Hex/Chrm       #.......     95%         3    ####...
 Spider Form              Tmut/Pois      #.........   95%         3    ####...
 Static Discharge         Conj/Air       #.......     95%         3    ####...
 Summon Guardian Golem    Hex/Summ       #.......     95%         3    ####...
 Vampiric Draining        Necr           #.........   95%         3    ####...
 Airstrike                Air            #.........   100%        4    #####..
 Animate Dead             Necr           N/A          100%        4    #####..
 Cause Fear               Hex            #.........   100%        4    #####..
 Force Lance              Conj/Tloc      #.......     100%        4    #####..
 Fulminant Prism          Conj/Hex       #.........   100%        4    #####..
 Ice Form                 Ice/Tmut       #.......     100%        4    #####..
 Iskenderun's Mystic Bla  Conj           #.......     100%        4    #####..
 Leda's Liquefaction      Hex/Erth       #.........   100%        4    #####..
 Olgreb's Toxic Radiance  Pois           #.......     100%        4    #####..
 Petrify                  Tmut/Erth      #.......     100%        4    #####..
 Summon Ice Beast         Ice/Summ       #.......     100%        4    #####..
 Summon Lightning Spire   Summ/Air       #.......     100%        4    #####..
 Throw Icicle             Conj/Ice       #.......     100%        4    #####..
 Blade Hands              Tmut           #.........   100%        5    ######.
 Borgnjor's Vile Clutch   Necr/Erth      #.........   100%        5    ######.
 Lightning Bolt           Conj/Air       #.........   100%        5    ######.
 Metabolic Englaciation   Hex/Ice        #.........   100%        5    ######.
 Silence                  Hex/Air        #.........   100%        5    ######.
 Venom Bolt               Conj/Pois      #.........   100%        5    ######.
 Yara's Violent Unravell  Hex/Tmut       #.........   100%        5    ######.
 Conjure Ball Lightning   Conj/Air       #.........   100%        6    #######
 Death Channel            Necr           #.........   100%        6    #######
 Deflect Missiles         Chrm/Air       #.........   100%        6    #######
 Simulacrum               Ice/Necr       #.........   100%        6    #######
 Discord                  Hex            #.........   100%        8    #######
 Tornado                  Air            #.........   100%        9    #######


Dungeon Overview and Level Annotations

Branches:
Dungeon (15/15)            Temple (0/1) D:7            Lair (6/6) D:9
 Shoals (0/4) Lair:3       Spider (1/4) Lair:3        Slime (0/5) Lair:6
    Orc (2/2) D:10            Elf (0/3) Orc:2        Vaults (0/5) D:14
 Depths (0/5) D:15

Altars:
Ashenzari
Dithmenos
Elyvilon
Fedhas
Gozag
Kikubaaqudgha
Makhleb
Nemelex Xobeh
Okawaru
Qazlal
Sif Muna
Uskayaw
Vehumet
The Shining One
Beogh

Shops:
D:9 (   D:13 :   Orc:2 *[(%

Annotations:
D:4 3 runed translucent doors, EtherCrawl's ghost, amateur GnEn
Lair:5 exclusion: oklob plant
Spider:1 1 transporter


Innate Abilities, Weirdness & Mutations

You are dopey. (Int -2)


Message History

You feel very sick.
The emperor scorpion is engulfed in blazing flames.
The emperor scorpion barely misses you.
The emperor scorpion claws you but does no damage.
The emperor scorpion barely misses you.
You hit the emperor scorpion. You burn the emperor scorpion.
The emperor scorpion is severely wounded.
* * * LOW HITPOINT WARNING * * *
You feel very sick. The emperor scorpion stings you!!
* * * LOW HITPOINT WARNING * * *
The emperor scorpion closely misses you.
The emperor scorpion claws you.
* * * LOW HITPOINT WARNING * * *
You hit the emperor scorpion. You burn the emperor scorpion.
The emperor scorpion is severely wounded.
* * * LOW HITPOINT WARNING * * *
You feel very sick. The emperor scorpion stings you!!
You die...

.##. .. ...
... #..
...##..##
......#
#.○..# ####
..##.§s°#
#...
.....○†@#
#...
.....☼#.#
###...
.#... #.#
#####.....
##. #.#
#.....#...
.. #.#
#.........
## #.#
#.........
#.#
##.....#...
#^#
#..........
#.#
#^#....#...


You could see an emperor scorpion.

Vanquished Creatures
  Gastronok (D:10)
  An orc warlord (Orc:2)
  An ironheart preserver (D:14)
  2 entropy weavers
  Nessos (Lair:4)
  2 vampire knights (D:13)
  A spark wasp (shapeshifter) (D:15)
  Snorg (Lair:6)
  5 hydras
  An anaconda (Lair:6)
  6 two-headed ogres
  Erica (D:11)
  A queen ant (Lair:6)
  5 death yaks (Lair:6)
  An ogre mage (D:15)
  Urug (D:11)
  A tengu warrior (D:14)
  3 orc high priests
  5 skeletal warriors
  2 unseen horrors
  Pikel (D:4)
  2 wolf spider zombies (D:15)
  8 ugly things
  2 orc knights
  An orb spider (Spider:1)
  2 wolf spiders
  3 orc sorcerers
  3 cyclopes
  3 manticores
  20 elephants
  5 black mambas
  11 spiny frogs
  4 molten gargoyles (D:10)
  2 centaur skeletons
  2 gargoyles
  3 rime drakes
  2 demonic crawlers (Spider:1)
  4 komodo dragons
  A queen bee (Spider:1)
  A troll (shapeshifter) (D:15)
  7 trolls
  2 jumping spiders (Spider:1)
  A queen bee (shapeshifter) (D:15)
  7 blink frogs
  9 polar bears (Lair:6)
  3 meliai (Spider:1)
  7 slime creatures
  2 raiju (Lair:6)
  A hornet (D:12)
  A hippogriff (shapeshifter) (D:14)
  6 dream sheep (Lair:5)
  8 hippogriffs
  A spriggan (D:8)
  6 tarantellas
  2 shadows
  5 vampires
  2 wyverns
  7 redbacks
  Eustachio (D:6)
  A wraith (D:14)
  47 yaks
  4 hungry ghosts
  7 vampire mosquitoes
  27 soldier ants
  A steam dragon (D:12)
  8 wargs
  Duvessa (D:6)
  15 hell hounds (Lair:6)
  15 water moccasins
  3 slaves (D:3)
  10 porcupines
  7 ice beasts
  37 orc warriors
  A swamp drake (D:10)
  3 phantoms
  4 sky beasts
  An eye of draining (shapeshifter) (D:15)
  13 black bears
  4 boggarts (D:15)
  3 eyes of draining
  19 wolves
  10 ogres
  3 centaurs
  13 crocodiles
  2 big kobolds
  18 bullfrogs
  3 wyvern zombies (D:14)
  Dowan (D:6)
  A scorpion (shapeshifter) (D:14)
  2 wyvern skeletons
  10 scorpions
  35 killer bees
  3 wights (D:12)
  4 howler monkeys
  6 electric eels
  2 jellies
  2 quasits
  2 crimson imps (D:6)
  4 bullfrog skeletons
  2 centaur zombies
  11 hounds
  21 orc priests
  34 orc wizards
  Jessica (D:3)
  5 iguanas
  20 worker ants
  2 hell rats (Lair:1)
  A hound zombie (D:11)
  A worker ant zombie (D:5)
  8 gnolls
  9 river rats (Lair:1)
  8 adders
  A howler monkey skeleton (D:7)
  3 shadow imps
  2 oozes
  2 adder zombies
  A worm (D:3)
  A dart slug (D:2)
  6 leopard geckos
  130 orcs
  2 ball pythons (D:1)
  6 bats
  2 giant cockroaches
  10 goblins
  7 hobgoblins
  12 jackals
  A quokka (D:6)
  2 frilled lizards (D:2)
  11 kobolds
  A leopard gecko skeleton (D:4)
  A leopard gecko zombie (D:9)
  A quokka zombie (D:5)
  7 rats
  3 fungi
  9 plants
896 creatures vanquished.

Vanquished Creatures (others)
  A komodo dragon (Lair:4)
  2 blink frogs (Lair:3)
  5 yaks
  An orc wizard (Orc:1)
  A worker ant (Lair:6)
  A bush (Lair:6)
  48 fungi
  49 plants
108 creatures vanquished.

Grand Total: 1004 creatures vanquished

Notes
Turn   | Place    | Note
-------+----------+-------------------------------------------
     0 | D:1      | kae the Hill Orc Fighter began the quest for the Orb.
     0 | D:1      | Reached XP level 1. HP: 19/19 MP: 1/1
    62 | D:1      | Reached skill level 3 in Axes
    73 | D:1      | Reached XP level 2. HP: 27/27 MP: 2/2
   481 | D:2      | Reached XP level 3. HP: 33/33 MP: 3/3
   640 | D:2      | Reached skill level 4 in Axes
   713 | D:2      | Reached XP level 4. HP: 37/40 MP: 4/4
  1525 | D:3      | Found a stormy altar of Qazlal.
  1533 | D:3      | Became a worshipper of Qazlal Stormbringer
  1617 | D:3      | Reached skill level 5 in Axes
  1641 | D:3      | Noticed Jessica
  1645 | D:3      | Killed Jessica
  1645 | D:3      | Reached XP level 5. HP: 47/47 MP: 5/5
  2030 | D:3      | Found a hide-covered altar of Uskayaw.
  2031 | D:3      | Found a shattered altar of Ashenzari.
  2187 | D:4      | Found a runed translucent gate.
  2187 | D:4      | Found a runed translucent gate.
  2187 | D:4      | Found a runed translucent gate.
  2331 | D:4      | Found an opulent altar of Gozag.
  2349 | D:4      | Noticed a centaur
  2352 | D:4      | Killed a centaur
  2352 | D:4      | Reached skill level 5 in Fighting
  2352 | D:4      | Reached skill level 6 in Axes
  2352 | D:4      | Reached XP level 6. HP: 56/56 MP: 6/6
  2362 | D:4      | Noticed a phantom
  2396 | D:4      | Killed a phantom
  2396 | D:4      | Reached skill level 1 in Invocations
  2593 | D:4      | Noticed EtherCrawl's ghost (amateur GnEn)
  2593 | D:4      | Noticed an ice beast
  2593 | D:4      | Noticed an ice beast
  2722 | D:4      | Reached XP level 7. HP: 59/61 MP: 8/8
  2916 | D:4      | Noticed Pikel
  2995 | D:3      | Found a white marble altar of Elyvilon.
  3197 | D:4      | Killed Pikel
  3197 | D:4      | Reached skill level 8 in Axes
  3197 | D:4      | Reached skill level 5 in Armour
  3197 | D:4      | Reached XP level 8. HP: 35/70 MP: 8/11
  3375 | D:5      | Entered Level 5 of the Dungeon
  3381 | D:5      | Reached * piety under Qazlal
  3470 | D:5      | Reached skill level 5 in Invocations
  4584 | D:6      | Found an iron altar of Okawaru.
  4660 | D:6      | Noticed Eustachio
  4679 | D:6      | Killed Eustachio
  4712 | D:6      | Reached skill level 9 in Axes
  5080 | D:6      | Noticed Duvessa
  5096 | D:6      | Killed Duvessa
  5096 | D:6      | Reached XP level 9. HP: 77/78 MP: 12/14
  5125 | D:6      | Noticed Dowan
  5135 | D:6      | Killed Dowan
  5373 | D:7      | Reached ** piety under Qazlal
  5459 | D:7      | Found a burning altar of Makhleb.
  5459 | D:7      | Found a blossoming altar of Fedhas.
  5459 | D:7      | Found an ancient bone altar of Kikubaaqudgha.
  5579 | D:7      | Found a glowing golden altar of the Shining One.
  5694 | D:7      | Reached skill level 10 in Axes
  6111 | D:7      | Found a staircase to the Ecumenical Temple.
  6330 | D:8      | Found a shadowy altar of Dithmenos.
  7012 | D:8      | Reached skill level 11 in Axes
  7072 | D:8      | Reached XP level 10. HP: 52/88 MP: 9/16
  7446 | D:8      | Found a roughly hewn altar of Beogh.
  7595 | D:8      | Found a sparkling altar of Nemelex Xobeh.
  7819 | D:9      | Found a deep blue altar of Sif Muna.
  7918 | D:9      | Killed an unseen horror
  7918 | D:9      | Reached skill level 10 in Invocations
  8338 | D:9      | Noticed a two-headed ogre
  8343 | D:9      | Killed a two-headed ogre
  8343 | D:9      | Reached skill level 12 in Axes
  8343 | D:9      | Reached skill level 1 in Evocations
  9133 | D:9      | Reached XP level 11. HP: 97/97 MP: 15/18
  9163 | D:9      | Reached skill level 13 in Axes
  9203 | D:9      | Reached *** piety under Qazlal
  9366 | D:9      | Found a staircase to the Lair.
  9408 | D:9      | Found Nuetoul's Antique Weapon Boutique.
  9416 | D:9      | Bought a glowing broad axe for 189 gold pieces
  9764 | D:10     | Entered Level 10 of the Dungeon
  9920 | D:10     | Noticed a cyclops
  9933 | D:10     | Killed a cyclops
  9938 | D:10     | Found a staircase to the Orcish Mines.
 11343 | D:10     | Reached skill level 10 in Fighting
 11585 | D:10     | Reached skill level 14 in Axes
 12129 | Lair:1   | Entered Level 1 of the Lair of Beasts
 12444 | Lair:1   | Reached **** piety under Qazlal
 12615 | Lair:1   | Noticed an eight-headed hydra
 12625 | Lair:1   | Killed an eight-headed hydra
 12625 | Lair:1   | Reached skill level 5 in Evocations
 12643 | Lair:1   | Reached XP level 12. HP: 101/107 MP: 4/19
 13444 | Lair:2   | Reached skill level 15 in Axes
 13714 | Lair:2   | Reached skill level 10 in Armour
 14161 | Lair:3   | Found a staircase to the Shoals.
 14284 | Lair:3   | Found a hole to the Spider Nest.
 14880 | Lair:3   | Noticed a four-headed hydra
 14883 | Lair:3   | Killed a four-headed hydra
 15130 | Lair:4   | Noticed Nessos
 15352 | Lair:4   | Reached skill level 16 in Axes
 16043 | Lair:4   | Got a pitted war axe
 16044 | Lair:4   | Identified the +5 war axe "Qamo" {flame, *Contam rF- rC+
                  | Int+8} (You found it on level 4 of the Lair of Beasts)
 16111 | Lair:4   | Killed Nessos
 16111 | Lair:4   | Reached XP level 13. HP: 92/117 MP: 18/20
 16755 | Lair:5   | Reached skill level 17 in Axes
 17418 | Lair:6   | Entered Level 6 of the Lair of Beasts
 17481 | Lair:5   | HP: 5/118 [poisoned by a spiny frog]
 17486 | Lair:5   | HP: 5/118 [poisoned by a spiny frog]
 17493 | Lair:5   | HP: 5/118 [poisoned by a spiny frog]
 17501 | Lair:5   | HP: 5/118 [poisoned by a spiny frog]
 17910 | Lair:6   | Reached ***** piety under Qazlal
 18505 | Lair:6   | Noticed Snorg
 18505 | Lair:6   | Noticed an entropy weaver
 18680 | Lair:5   | Killed an entropy weaver
 18680 | Lair:5   | Reached skill level 18 in Axes
 18680 | Lair:5   | Reached XP level 14. HP: 72/127 MP: 14/21
 18859 | Lair:6   | Noticed an entropy weaver
 18875 | Lair:6   | Killed an entropy weaver
 19060 | Lair:6   | Found a staircase to the Slime Pits.
 19126 | Lair:6   | Killed Snorg
 20171 | Lair:6   | Reached ****** piety under Qazlal
 20191 | Lair:6   | Reached skill level 19 in Axes
 21671 | D:11     | Noticed Urug
 21686 | D:11     | Killed Urug
 21963 | D:10     | Reached XP level 15. HP: 117/137 MP: 19/22
 22478 | D:11     | Noticed Erica
 22488 | D:11     | Killed Erica
 22488 | D:11     | Reached skill level 10 in Evocations
 22872 | Orc:1    | Entered Level 1 of the Orcish Mines
 22874 | Orc:1    | Noticed Gastronok
 23073 | D:10     | Killed Gastronok
 23440 | Orc:2    | Entered Level 2 of the Orcish Mines
 23477 | Orc:2    | Reached skill level 20 in Axes
 23818 | Orc:2    | Found a roughly hewn altar of Beogh.
 23962 | Orc:2    | Noticed an orc warlord
 23977 | Orc:2    | Killed an orc warlord
 24558 | Orc:2    | Found a staircase to the Elven Halls.
 24689 | Orc:2    | Found a roughly hewn altar of Beogh.
 24696 | Orc:2    | Found Musotada's Food Emporium.
 24728 | Orc:2    | Found a roughly hewn altar of Beogh.
 24728 | Orc:2    | Found Iroixuf's Antique Armour Shop.
 24729 | Orc:2    | Found Syatiah's Antique Weapon Boutique.
 24736 | Orc:2    | Bought an executioner's axe for 240 gold pieces
 24742 | Orc:2    | Bought a glowing plate armour for 598 gold pieces
 24878 | Orc:2    | Found a roughly hewn altar of Beogh.
 24910 | Orc:2    | Found a roughly hewn altar of Beogh.
 24954 | Orc:2    | Found Lokasoj's Assorted Antiques.
 24959 | Orc:2    | Bought a scroll of identify for 68 gold pieces
 24959 | Orc:2    | Bought a scroll labeled ZIPRIE QUAMEI for 34 gold pieces
 24959 | Orc:2    | Bought a scroll of enchant armour for 255 gold pieces
 24959 | Orc:2    | Bought a scroll labeled DISOUTSININ for 34 gold pieces
 25073 | Orc:2    | Gained mutation: You are dopey. (Int -2) [mutagenic glow]
 25244 | D:12     | Got an opal-encrusted scale mail
 25890 | D:13     | Identified the +9 scale mail of the Rabble {rN+ MP-9
                  | Stlth+} (You found it on level 12 of the Dungeon)
 26303 | D:13     | Found Dukk's Book Shoppe.
 26361 | D:13     | Found the +12 Vampire's Tooth {vamp}
 26817 | D:14     | Found a radiant altar of Vehumet.
 26955 | D:14     | Reached XP level 16. HP: 94/147 MP: 10/24
 27013 | D:14     | Found a gate to the Vaults.
 27072 | D:14     | Reached skill level 21 in Axes
 27561 | D:15     | Entered Level 15 of the Dungeon
 27763 | D:15     | Reached skill level 15 in Fighting
 27948 | D:15     | Found a staircase to the Depths.
 28498 | Spider:1 | Entered Level 1 of the Spider Nest
 29260 | Spider:1 | Found a transporter.
 29485 | Spider:1 | Mangled by an emperor scorpion

Skill      XL: |  1  2  3  4  5  6  7  8  9 10 11 12 13 14 15 16 |
---------------+-------------------------------------------------+-----
Axes           | 3 4 5 6 8 9 11 12 14 16 18 19 20 21 | 21.4
Fighting       | 4 5 6 7 9 10 11 12 13 14 15 | 15.2
Armour         | 4 5 6 7 8 9 10 11 12 13 14 | 14.1
Invocations    | 2 4 6 9 10 11 | 11.6
Evocations     | 2 5 6 8 9 10 | 10.5
Shields        | |  3.2

Action                   |  1- 3 |  4- 6 |  7- 9 | 10-12 | 13-15 | 16-18 || total
-------------------------+-------+-------+-------+-------+-------+-------++-------
Melee: War axe           |    96 |   134 |   355 |   396 |  1001 |       ||  1982
       Unarmed           |       |       |       |     8 |       |       ||     8
       Broad axe         |       |       |       |   292 |       |       ||   292
       Executioner's axe |       |       |       |       |   186 |   136 ||   322
Invok: Upheaval          |       |       |     2 |     7 |       |     1 ||    10
       Elemental Force   |       |       |       |       |     1 |       ||     1
Evoke: Wand              |       |       |       |    12 |       |       ||    12
  Use: Potion            |     1 |       |     6 |     1 |       |       ||     8
       Scroll            |       |    11 |     4 |    16 |    21 |     2 ||    54
 Stab: Held in net/web   |       |       |       |       |       |     1 ||     1
  Eat: Chunk             |       |     6 |    14 |    16 |    27 |     5 ||    68
       Ration            |       |       |       |     4 |     3 |     1 ||     8
Armor: Scale mail        |    58 |    46 |   142 |    41 |    51 |   128 ||   466
       Plate armour      |       |       |       |   237 |   445 |       ||   682
       Skin              |       |       |       |    11 |       |       ||    11
Dodge: Dodged            |    40 |    48 |    81 |    92 |   192 |    81 ||   534
       Deflected         |       |       |       |     4 |    11 |     1 ||    16
Block: Shield            |    63 |    69 |   187 |   403 |   773 |       ||  1495
       Other             |       |       |       |     2 |    65 |    67 ||   134
